Map: New Gettysburg LE

Players

speaknow (ByuN) - Winner!

  • Race: Terran Terran

Kelazhur

  • Race: Terran Terran
  • League: Master

VOD

Have the link to the VOD?

Description

Time

  • Played on: Nov. 25, 2016, 2:19 p.m.
  • Length: 22:50
Show
View Real Time Build Order
Export as new Build Order

speaknow Terran - Winner!

Build Orders: 1/1/1, Banshee Rush 

Get SALT Encoding   

  12  0:00  SCV  
  13  0:13  SCV  
  14  0:17  Supply Depot  
  14  0:25  SCV  
  15  0:29  Refinery  
  15  0:39  SCV  
  16  0:45  Barracks  
  16  0:51  SCV  
  16  0:56  Refinery  
  17  1:03  SCV  
  18  1:15  SCV  
  19  1:32  Reaper  
  20  1:35  Factory  
  20  1:36  Orbital Command  
  20  1:44  Supply Depot  
  21  2:01  SCV  
  21  2:04  Reaper  
  22  2:13  SCV  
  23  2:19  Hellion  
  23  2:20  Starport  
  25  2:25  SCV  
  26  2:30  Supply Depot  
  26  2:37  SCV, Barracks Tech Lab  
  26  2:41  Hellion  
  29  2:49  SCV  
  30  3:05  Banshee, Cloaking Field  
  33  3:13  Cyclone  
  33  3:17  Supply Depot  
  36  3:30  Marine  
  36  3:32  SCV  
  38  3:42  Command Center  
  38  3:44  SCV  
  38  3:45  Factory Tech Lab  
  42  3:50  Marine  
  42  3:53  Raven  
  42  3:56  Supply Depot  
  42  3:58  SCV  
  43  4:08  Marine  
  43  4:20  Cyclone  
  46  4:24  SCV  
  46  4:26  Marine  
  48  4:36  Banshee, SCV  
  52  4:49  SCV  
  53  4:54  Engineering Bay  
  53  4:55  Supply Depot  
  53  5:01  SCV  
  54  5:08  Barracks Reactor  
  54  5:13  SCV  
  55  5:21  Siege Tank  
  58  5:25  SCV  
  59  5:33  Command Center  
  59  5:37  Viking  
  59  5:42  Orbital Command  
  61  5:43  SCV  
  61  5:49  Missile Turret  
  62  5:55  SCV  
  63  6:08  Marine x2  
  63  6:09  Siege Tank, Viking  
  67  6:16  Bunker, Missile Turret, SCV x2  
  69  6:26  Marine x2  
  69  6:32  Missile Turret  
  68  6:36  SCV x2  
  69  6:41  Siege Tank  
  69  6:45  Orbital Command  
  72  6:48  SCV x2  
  72  6:52  Missile Turret  
  72  6:53  Viking  
  76  6:55  Viking  
  63  7:19  SCV x2  
  63  7:22  Refinery  
  64  7:24  Refinery  
  64  7:25  Barracks  
  64  7:26  Barracks x2  
  64  7:29  Stimpack  
  64  7:32  Viking  
  64  7:36  Viking  
  68  7:43  SCV  
  68  7:44  SCV x2  
  71  7:47  Marine  
  72  7:54  Terran Infantry Weapons Level 1  
  72  7:56  SCV x3  
  75  7:59  Engineering Bay  
  75  8:05  Marine  
  75  8:08  SCV x3  
  83  8:14  Barracks Reactor x2  
  83  8:15  Barracks, Barracks Reactor  
  79  8:24  SCV x2  
  79  8:25  Terran Infantry Armor Level 1  
  82  8:29  Supply Depot  
  82  8:31  Supply Depot  
  81  8:37  Orbital Command  
  81  8:40  Marine  
  80  8:41  Siege Tank  
  80  8:42  Medivac  
  80  8:43  SCV  
  80  8:44  Medivac, SCV  
  89  8:48  Supply Depot  
  89  8:51  Supply Depot  
  89  8:54  Marine x4  
  89  8:55  Marine x2  
  95  8:58  Marine  
  96  9:09  Missile Turret  
  96  9:10  SCV x3  
  96  9:11  Armory, Missile Turret  
  96  9:12  Marine  
  100  9:22  SCV x3  
  101  9:24  Barracks Reactor  
  101  9:27  Marine  
  101  9:28  Refinery, Marine x2  
  101  9:29  Marine  
  101  9:30  Marine  
  105  9:35  Refinery  
  105  9:40  Siege Tank  
  105  9:41  Combat Shields, Marine  
  105  9:43  Missile Turret  
  108  9:52  Medivac x2, Marine  
  112  9:53  Marine x2  
  112  9:54  Marine x2  
  112  9:55  Sensor Tower  
  112  9:56  Marine  
  118  10:05  Marine x3  
  121  10:07  Supply Depot, Sensor Tower  
  121  10:10  Marine  
  121  10:11  Supply Depot  
  122  10:16  Terran Infantry Weapons Level 2  
  122  10:19  Terran Infantry Armor Level 2  
  122  10:23  Marine x7  
  122  10:24  Marine  
  122  10:28  Marine  
  130  10:29  Terran Vehicle Weapons Level 1  
  130  10:41  Marine x6  
  136  10:45  Marine  
  136  10:46  Marine x2  
  138  10:52  Siege Tank  
  141  10:58  Marine  
  141  10:59  Marine x3  
  141  11:03  Marine  
  141  11:04  Marine x3  
  146  11:07  Factory  
  149  11:12  Marine  
  149  11:15  Supply Depot  
  150  11:21  Medivac  
  150  11:22  Medivac, Marine x3  
  157  11:30  Marine x2  
  157  11:31  Siege Tank  
  162  11:37  Supply Depot  
  162  11:46  Marine x4  
  166  11:52  Marine  
  166  11:53  Marine x4  
  166  11:54  Medivac x2  
  157  12:03  Siege Tank, Marine  
  157  12:04  Marine x3  
  159  12:10  Marine x4  
  159  12:15  Factory Tech Lab  
  163  12:19  Command Center  
  163  12:24  Marine  
  163  12:25  Marine x4  
  163  12:26  Terran Vehicle Weapons Level 2  
  163  12:28  Marine  
  169  12:35  Siege Tank  
  169  12:36  Siege Tank  
  175  12:40  Marine x3  
  175  12:42  Marine  
  175  12:43  Marine  
  162  12:47  Marine  
  162  12:48  Marine x3  
  145  12:58  Marine x3  
  122  13:00  Marine  
  122  13:01  Marine  
  122  13:05  Marine  
  119  13:06  Marine x3  
  119  13:07  Siege Tank  
  119  13:08  Siege Tank  
  122  13:16  Marine x3  
  122  13:18  Marine  
  122  13:19  Marine  
  114  13:23  Marine x2  
  114  13:24  Marine x2  
  110  13:33  Terran Infantry Weapons Level 3, Marine  
  110  13:34  Marine x2  
  111  13:36  Marine  
  111  13:37  Marine  
  111  13:39  Terran Infantry Armor Level 3  
  111  13:40  Siege Tank, Marine  
  119  13:44  Marine  
  119  13:45  Marine x2  
  122  13:51  Marine  
  122  13:52  Marine x2  
  122  13:53  Marine  
  122  13:54  SCV x3  
  122  13:55  Planetary Fortress, Marine  
  120  14:12  Marine  
  120  14:13  Marine x4  
  120  14:14  Marine x3  
  120  14:16  Marine  
  94  14:30  Marine x4  
  93  14:31  Marine x2  
  93  14:32  Marine x2  
  93  14:34  Marine  
  93  14:36  Viking x2  
  100  14:40  Siege Tank  
  100  14:48  Marine x4  
  100  14:49  Marine x3  
  100  14:50  Marine  
  100  14:51  Marine  
  108  14:57  Missile Turret  
  108  15:00  Missile Turret  
  108  15:06  Marine x4  
  111  15:07  Marine x3  
  111  15:08  Marine  
  111  15:09  Marine  
  116  15:17  SCV x2  
  118  15:24  Marine x4  
  118  15:25  Marine x3  
  118  15:26  Marine  
  118  15:27  Marine  
  125  15:41  Marine  
  125  15:42  Marine x4  
  118  15:43  Marine x3  
  118  15:45  Marine  
  118  15:59  Marine x4  
  118  16:00  Marine  
  118  16:01  Marine x3  
  118  16:02  Siege Tank  
  118  16:03  Marine  
  127  16:06  Medivac x2  
  123  16:17  Marine x4  
  123  16:18  Marine x3  
  127  16:19  Marine  
  127  16:20  Siege Tank  
  127  16:21  Marine  
  135  16:35  Marine x4  
  135  16:39  Missile Turret, Marine  
  126  16:40  Marine x2  
  126  16:41  Marine x2  
  123  16:53  Marine x4  
  123  16:57  Marine x2  
  123  16:58  Marine x3  
  119  17:10  Marine  
  119  17:11  Marine x3  
  119  17:14  Marine  
  124  17:15  Marine  
  124  17:16  Marine x3  
  111  17:28  Marine x3  
  111  17:29  Marine  
  115  17:30  Liberator x2  
  115  17:32  Marine  
  115  17:33  Marine  
  115  17:34  Marine x2  
  120  17:37  Siege Tank  
  120  17:40  Siege Tank  
  120  17:41  Barracks Reactor  
  125  17:46  Marine x3  
  134  17:53  Marine x5  
  138  18:04  Marine x3  
  137  18:11  Marine x5  
  142  18:17  Siege Tank  
  142  18:18  Siege Tank  
  148  18:20  Marine x2  
  148  18:22  Marine x3  
  153  18:29  Marine x5  
  158  18:38  Marine x2  
  158  18:39  Marine  
  158  18:40  Marine x2  
  161  18:47  Marine x4  
  165  18:50  Siege Tank x2  
  165  18:51  Marine  
  167  18:57  Marine x3  
  167  18:58  Marine x2  
  171  19:04  Marine  
  171  19:07  Marine x2  
  172  19:11  Supply Depot, Marine x2  
  173  19:22  Siege Tank  
  173  19:25  Marine x4  
  181  19:32  Marine x2  
  181  19:34  Siege Tank  
  182  19:39  Viking  
  184  19:49  Orbital Command  
  181  19:59  Marine x8  
  184  20:01  Marine  
  190  20:16  Viking  
  165  20:31  Marine  
  165  20:32  Marine  
  165  20:33  Marine x5  
  169  20:35  Marine  
  169  20:36  Marine  
  169  20:41  Siege Tank  
  174  20:44  Marine  
  174  20:49  Marine  
  173  20:50  Marine x3  
  173  20:51  Marine x2  
  173  20:53  Marine x3  
  169  21:03  Marine  
  158  21:07  Marine  
  158  21:08  Marine x4  
  158  21:09  Marine  
  158  21:13  Siege Tank  
  161  21:24  Marine  
  149  21:27  Marine x5  
  157  21:32  Siege Tank  
  157  21:36  Medivac  
  159  21:40  Medivac  
  159  21:43  Marine x3  
  159  21:45  Siege Tank  
  166  21:53  Marine x5  
  170  22:00  Marine x2  
  170  22:01  Marine x3  
  175  22:11  Marine x5  
  180  22:18  Marine x3  
  180  22:19  Marine x2  
  180  22:28  Marine  
  180  22:29  Marine x4  
Show
View Real Time Build Order
Export as new Build Order

Kelazhur Terran 

Build Orders: 1/1/1, Banshee Rush 

Get SALT Encoding   

  12  0:00  SCV  
  13  0:11  Refinery  
  13  0:16  SCV  
  14  0:22  Supply Depot  
  14  0:28  SCV  
  15  0:32  Refinery  
  15  0:44  SCV  
  15  0:47  Barracks  
  16  0:56  SCV  
  17  1:08  SCV  
  18  1:20  SCV  
  19  1:34  Marine  
  19  1:35  Orbital Command, Factory  
  20  1:45  Supply Depot  
  20  1:51  Refinery  
  20  1:52  Marine  
  21  2:01  SCV  
  22  2:10  Marine  
  22  2:13  SCV  
  24  2:19  Starport  
  24  2:21  Hellion  
  26  2:25  SCV  
  27  2:30  Supply Depot  
  28  2:37  Barracks Reactor  
  28  2:38  SCV  
  31  2:51  SCV  
  31  2:55  Starport Tech Lab  
  32  3:05  Hellion  
  31  3:07  SCV  
  32  3:13  Cloaking Field  
  32  3:14  Banshee, Marine x2  
  32  3:18  Supply Depot  
  37  3:37  Marine x2  
  37  3:40  Cyclone, Supply Depot  
  42  3:44  SCV  
  43  3:57  Raven  
  43  3:59  Marine  
  43  4:00  Marine  
  47  4:10  SCV  
  47  4:15  Command Center  
  47  4:24  Marine  
  47  4:25  Marine  
  48  4:35  Factory Tech Lab  
  48  4:43  Supply Depot  
  48  4:50  Banshee  
  48  4:51  Marine x2  
  53  4:55  SCV  
  54  5:03  Siege Tank  
  57  5:09  Marine x2  
  57  5:10  SCV  
  60  5:19  Engineering Bay  
  60  5:22  SCV  
  61  5:29  Orbital Command  
  61  5:35  SCV  
  62  5:39  Viking  
  64  5:46  Siege Tank  
  64  5:48  SCV  
  68  5:55  Missile Turret  
  69  5:57  SCV  
  69  5:58  Marine  
  69  6:03  SCV  
  69  6:07  Marine  
  69  6:09  SCV  
  71  6:14  Viking  
  71  6:15  SCV  
  74  6:21  SCV  
  75  6:28  SCV  
  75  6:29  Marine x2  
  78  6:33  SCV  
  79  6:40  SCV  
  79  6:44  Viking  
  79  6:45  SCV  
  79  6:46  Barracks  
  83  6:48  Barracks  
  83  6:50  Marine x2  
  83  6:52  SCV  
  86  6:57  Supply Depot  
  75  7:12  Siege Tank  
  62  7:17  Marine x2  
  62  7:18  SCV  
  56  7:23  SCV  
  56  7:25  Terran Infantry Weapons Level 1  
  56  7:28  Refinery, Command Center  
  57  7:31  SCV  
  57  7:35  Barracks Tech Lab  
  59  7:37  SCV, Barracks Tech Lab  
  59  7:38  Marine x2  
  59  7:43  SCV  
  59  7:44  Siege Tank  
  65  7:58  Marine x4  
  67  7:59  Stimpack, Combat Shields  
  67  8:01  SCV  
  67  8:05  Refinery  
  70  8:06  SCV  
  70  8:08  Engineering Bay  
  71  8:16  Marine x4  
  71  8:19  SCV x2  
  76  8:23  Siege Tank  
  76  8:26  Barracks  
  79  8:27  Barracks  
  79  8:33  Starport Reactor  
  79  8:34  Marine x4  
  82  8:42  Terran Infantry Armor Level 1, Orbital Command  
  82  8:51  Marine  
  82  8:52  Marine x3  
  84  8:55  Siege Tank  
  84  8:56  SCV  
  84  8:59  SCV  
  88  9:04  Armory, Supply Depot  
  88  9:09  Marine  
  89  9:10  Orbital Command  
  89  9:11  Marine  
  89  9:14  SCV  
  91  9:19  SCV  
  91  9:23  Barracks Reactor  
  93  9:25  Barracks Reactor  
  93  9:27  SCV  
  93  9:28  Marine x3  
  93  9:30  Missile Turret  
  93  9:31  SCV, Missile Turret  
  95  9:32  Missile Turret  
  95  9:34  Marine  
  95  9:35  Medivac x2  
  101  9:40  Siege Tank  
  101  9:42  SCV  
  101  9:43  SCV  
  105  9:46  SCV  
  106  9:54  Supply Depot, Terran Infantry Weapons Level 2  
  106  9:55  Marine  
  106  9:58  Marine  
  106  9:59  Marine x2  
  110  10:00  Marine  
  110  10:06  Marine  
  110  10:07  Sensor Tower, Marine x2  
  111  10:11  Medivac x2  
  117  10:15  Marine  
  117  10:16  Marine x3  
  117  10:18  Supply Depot  
  117  10:19  Refinery, Marine  
  122  10:21  Supply Depot  
  122  10:22  Siege Tank  
  125  10:31  Terran Vehicle Weapons Level 1  
  125  10:33  Supply Depot  
  125  10:39  Marine x5  
  125  10:42  Supply Depot  
  132  10:44  Supply Depot, Marine x3  
  133  10:50  Medivac x2  
  133  10:53  Supply Depot  
  133  10:55  Supply Depot  
  137  10:57  Marine x3  
  137  10:59  Marine  
  137  11:00  Supply Depot  
  137  11:01  Marine  
  137  11:02  Terran Infantry Armor Level 2  
  142  11:09  Siege Tank  
  142  11:10  Marine  
  142  11:11  Marine  
  146  11:15  Supply Depot  
  146  11:16  SCV  
  146  11:17  Supply Depot, SCV x2  
  149  11:20  Medivac  
  151  11:25  Marine  
  151  11:26  Marine x4  
  151  11:27  Marine  
  151  11:32  Factory  
  156  11:41  Siege Tank  
  156  11:44  Marine  
  159  11:51  Marine x4  
  159  11:52  Marine x3  
  151  12:01  Marine  
  151  12:03  SCV  
  148  12:08  Medivac x2  
  148  12:09  Marine x7  
  148  12:13  Siege Tank  
  162  12:25  Marine  
  162  12:29  Marine  
  164  12:30  Marine  
  164  12:31  Terran Infantry Weapons Level 3, Marine  
  164  12:35  Marine x2  
  167  12:38  Medivac  
  158  12:45  Siege Tank  
  124  12:57  Marine x2  
  108  12:59  Medivac, Marine x3  
  108  13:00  Marine x3  
  114  13:08  Medivac  
  115  13:15  Marine x2  
  115  13:17  Siege Tank, Marine x3  
  120  13:23  Factory Tech Lab  
  120  13:24  Command Center  
  111  13:28  Marine  
  111  13:29  Medivac  
  111  13:31  Marine  
  111  13:32  Marine x2  
  111  13:33  Barracks, Marine  
  111  13:34  Barracks  
  115  13:35  Barracks, Marine  
  115  13:36  Marine x2  
  115  13:38  Medivac  
  120  13:46  Marine  
  121  13:49  Marine  
  121  13:53  Marine  
  121  13:54  Marine x5  
  128  13:58  Siege Tank  
  128  13:59  Medivac  
  133  14:04  Marine  
  133  14:08  Medivac  
  122  14:17  Marine  
  122  14:20  Marine  
  122  14:23  Marine  
  118  14:25  Siege Tank  
  118  14:26  Marine x2  
  118  14:29  Medivac  
  118  14:30  Siege Tank  
  123  14:32  Marine  
  123  14:38  Medivac  
  126  14:39  Planetary Fortress  
  126  14:44  Marine x3  
  122  14:47  Marine x4  
  122  14:49  Marine  
  127  15:02  Marine  
  127  15:04  Marine x3  
  127  15:05  Marine  
  127  15:06  Refinery x2  
  129  15:10  Marine  
  129  15:15  Marine x2  
  131  15:23  Marine  
  131  15:27  Siege Tank, Marine  
  131  15:28  Marine  
  122  15:40  Marine  
  122  15:42  Marine  
  114  15:44  Marine x4  
  114  15:45  Marine  
  114  15:46  Marine x4  
  118  15:54  Liberator  
  118  15:55  Liberator  
  118  15:56  Siege Tank  
  114  15:58  Marine  
  114  15:59  Marine  
  114  16:02  Marine x4  
  114  16:03  Marine x3  
  114  16:04  Marine x2  
  115  16:08  Siege Tank  
  124  16:16  Marine  
  124  16:17  Marine  
  128  16:19  Marine  
  128  16:20  Command Center, Marine x3  
  128  16:21  Terran Infantry Armor Level 3, Marine x5  
  137  16:34  Marine  
  137  16:35  Marine  
  137  16:37  Marine x2  
  133  16:51  Marine x8  
  133  16:52  Siege Tank  
  133  16:53  Marine  
  142  16:55  Marine x2  
  142  16:56  Medivac x2  
  128  17:05  Siege Tank  
  131  17:09  Marine x6  
  137  17:19  Marine  
  137  17:20  Marine  
  137  17:21  Marine x2  
  137  17:22  Marine  
  109  17:26  Marine  
  109  17:27  Marine x3  
  101  17:30  Medivac, Orbital Command  
  101  17:32  Medivac  
  105  17:40  Marine  
  106  17:44  Marine x4  
  106  17:45  Marine  
  106  17:51  Marine x3  
  112  17:53  Missile Turret  
  114  18:00  Medivac  
  114  18:01  Marine  
  114  18:02  Medivac  
  114  18:05  Marine  
  113  18:06  Marine  
  113  18:07  Marine  
  115  18:14  Marine  
  115  18:16  Marine  
  115  18:18  Marine x2  
  119  18:23  Siege Tank x2  
  119  18:26  Marine x4  
  129  18:28  Marine  
  129  18:30  Marine  
  131  18:35  Marine  
  132  18:42  Orbital Command  
  132  18:45  Marine  
  120  19:06  Siege Tank  
  120  19:07  Orbital Command  
  123  19:15  Marine  
  123  19:17  Marine  
  123  19:22  Marine x9  
  131  19:28  Siege Tank  
  134  19:32  Marine  
  134  19:35  Marine  
  136  19:39  Marine  
  136  19:40  Marine  
  135  19:51  Marine  
  131  19:53  Viking  
  131  19:59  Viking  
  132  20:06  Marine x5  
  123  20:30  Marine  
  123  20:34  Medivac x2, Marine x4  
  123  20:35  Marine x6  
  133  20:48  Marine  
  134  20:52  Marine x7  
  134  20:53  Marine x3  
  136  21:06  Marine  
  136  21:10  Marine  
  136  21:11  Marine  
  127  21:14  Marine  
  127  21:17  Marine x3  
  132  21:23  Marine  
  124  21:25  Marine  
  124  21:26  Marine  
  124  21:27  Marine x2  
  124  21:28  Marine  
  124  21:29  Marine  
  124  21:32  Marine  
  123  21:35  Marine x3  
  126  21:42  Marine  
  126  21:46  Marine  
  127  22:07  Marine x11  
  120  22:25  Marine x10  
  120  22:26  Marine  
Tags
 
Add a new tag
Caveats
  • Supply blocks, unpowered buildings, or Contaminate may cause inaccurate times.
  • Supply counts are checked every 10 seconds.